 Dungeon Crawl Stone Soup version 0.17-a0-1650-gce8475a (webtiles) character file.

354 LilCorpsy the Ruffian (level 6, -4/47 HPs)
             Began as a Draconian Transmuter on Aug 13, 2015.
             Was an Initiate of Fedhas.
             Killed from afar by an orc wizard (15 damage)
             ... with a puff of flame
             ... on level 3 of the Dungeon.
             The game lasted 00:10:02 (3736 turns).

LilCorpsy the Ruffian (Draconian Transmuter)        Turns: 3736, Time: 00:10:02

Health: -4/47      AC:  6    Str: 13    XL:     6   Next: 35%
Magic:  10/11      EV: 13    Int: 15    God:    Fedhas [......]
Gold:   95         SH:  0    Dex: 11    Spells: 2 memorised, 8 levels left

rFire  x . .     SeeInvis .       - Unarmed
rCold  + . .     Clarity  .     (armour unavailable)
rNeg   . . .     SustAt   .     (no shield)
rPois  +         Gourm    .     (helmet restricted)
rElec  .         Spirit   .     (no cloak)
rCorr  .         Warding  .     (no gloves)
rMut   .         Stasis   .     (no boots)
MR     .....                    (no amulet)
Stlth  +.........               k - ring of ice
                                g - ring of poison resistance

@: not resistant to hostile enchantments, very unstealthy
A: unfitting armour, cold-blooded, AC +6
a: Renounce Religion


You were on level 3 of the Dungeon.
You worshipped Fedhas.
Fedhas was noncommittal.
You were not hungry.

You visited 1 branch of the dungeon, and saw 3 of its levels.

You collected 95 gold pieces.

Inventory:

Missiles
 a - 12 arrows
Jewellery
 g - a ring of poison resistance (left hand)
 k - a ring of ice (right hand)
Scrolls
 e - 2 scrolls of fog {unknown}
 f - a scroll of immolation {unknown}
 j - a scroll of amnesia {unknown}
 l - 2 scrolls of noise {unknown}
 m - 3 scrolls of remove curse {unknown}
 p - 2 scrolls of identify {unknown}
 q - a scroll of random uselessness {unknown}
Potions
 d - a potion of experience {unknown}
 h - a potion of magic {unknown}
 i - a potion of agility {unknown}
 n - a potion of resistance {unknown}
 o - 3 potions of curing {unknown}
Books
 b - a book of Changes

   Spells                             Type                      Level
   a - Beastly Appendage              Transmutation                1
   b - Sticks to Snakes               Transmutation                2
   c - Spider Form                    Transmutation/Poison         3
   d - Ice Form                       Ice/Transmutation            4
   e - Blade Hands                    Transmutation                5
Comestibles
 c - a bread ration


   Skills:
 - Level 1.1 Fighting
 + Level 3.2 Dodging
 + Level 4.4 Unarmed Combat
 + Level 3.6 Spellcasting
 + Level 3.7 Transmutations


You had 8 spell levels left.
You knew the following spells:

 Your Spells              Type           Power        Failure   Level  Hunger
a - Beastly Appendage     Trmt           ##....       4%          1    None
b - Spider Form           Trmt/Pois      #.........   30%         3    ###....


Dungeon Overview and Level Annotations

Branches:
Dungeon (3/15)

Altars:
Elyvilon
Fedhas
Kikubaaqudgha
Nemelex Xobeh
Qazlal
Ru
Zin
The Shining One


Innate Abilities, Weirdness & Mutations

Your plain brown scales are hard (AC +6).
Your body does not fit into most forms of armour.
You are cold-blooded and may be slowed by cold attacks.


Message History

The orc closely misses you. The orc hits you with a club.
The orc closely misses you.
You continue eating.
Something hits you but does no damage.
The orc wizard mumbles some strange words.
The orc wizard flickers and vanishes!
The orc wizard gestures at you while chanting.
The magic dart hits you! The hobgoblin closely misses you.
The orc hits you but does no damage. The orc hits you.
* * * LOW HITPOINT WARNING * * *
The orc hits you with a club.
* * * LOW HITPOINT WARNING * * *
You continue eating.
The orc wizard mumbles some strange words.
The orc wizard blinks!
You hear some strange, mumbled words.
A puff of flame appears from out of thin air!
The puff of flame hits you! The fire burns you terribly!
You die...
Fedhas appreciates your contribution to the ecosystem.

'...... ...... #....# #.o.. ....
###############''################
≈≈≈≈≈≈≈≈≈≈≈≈≈≈.oo.≈≈≈≈≈≈≈≈≈≈≈≈≈≈≈
≈≈≈≈≈≈≈≈≈≈≈≈≈≈.{@o≈≈≈≈≈≈≈≈≈≈≈≈≈≈≈
≈≈≈≈≈≈≈≈≈≈≈≈≈...g§≈≈≈≈≈≈≈≈≈≈≈≈≈≈≈
≈..≈≈≈..≈...≈≈....≈≈.≈.≈≈..≈....≈
.................................
..............................)..
.......................)...>...##
###.....####.#########.)(.(..(...
###.....####.# #.#)#<......
......†......# #.#(#...#..<


You could see an orc wizard, 3 orcs and a hobgoblin.

Vanquished Creatures
  2 ogres (D:3)
  Crazy Yiuf (D:3)
  2 gnolls (D:3)
  7 adders
  An ooze (D:1)
  A worm (D:2)
  2 giant geckos (D:1)
  5 orcs (D:3)
  5 giant cockroaches
  11 goblins
  5 hobgoblins
  9 kobolds
  2 quokkas (D:2)
  5 bats
  6 giant newts
  8 rats
72 creatures vanquished.

Notes
Turn   | Place    | Note
--------------------------------------------------------------
     0 | D:1      | LilCorpsy the Draconian Transmuter began the quest for the Orb.
     0 | D:1      | Reached XP level 1. HP: 16/16 MP: 3/3
   192 | D:1      | Reached XP level 2. HP: 20/23 MP: 3/5
   969 | D:1      | Reached XP level 3. HP: 24/28 MP: 4/6
  1774 | D:2      | Learned a level 3 spell: Spider Form
  1828 | D:2      | Reached XP level 4. HP: 16/35 MP: 5/7
  2031 | D:2      | Found a sparkling altar of Nemelex Xobeh.
  2040 | D:2      | Found an ancient bone altar of Kikubaaqudgha.
  2045 | D:2      | Found a sacrificial altar of Ru.
  2052 | D:2      | Found a glowing silver altar of Zin.
  2057 | D:2      | Found a glowing golden altar of the Shining One.
  2070 | D:2      | Found a stormy altar of Qazlal.
  2077 | D:2      | Found a blossoming altar of Fedhas.
  2171 | D:2      | Became a worshipper of Fedhas Madash
  2939 | D:3      | HP: 1/35 [goblin/stone (2)]
  3151 | D:3      | Noticed an ogre
  3159 | D:3      | Killed an ogre
  3159 | D:3      | Reached skill level 4 in Unarmed Combat
  3159 | D:3      | Reached XP level 5. HP: 40/40 MP: 5/10
  3289 | D:3      | Noticed an ogre
  3297 | D:3      | Killed an ogre
  3297 | D:3      | Reached XP level 6. HP: 17/47 MP: 7/11
  3533 | D:3      | Found a white marble altar of Elyvilon.
  3643 | D:3      | Noticed Crazy Yiuf
  3650 | D:3      | Killed Crazy Yiuf
  3736 | D:3      | Killed from afar by an orc wizard

Vault maps used:
D:1:      lemuel_arrival_funnel
D:2:      grunt_temple_overflow_octagram, first_bread, fountainhead
D:3:      minmay_goblin_kobold_castle, nicolae_overflow_crystal_walls,
          gup_sewer_entry_bubbles, elyvilon_altar_4, uniq_crazy_yiuf_cottage

Action                   |  1- 3 |  4- 6 || total
-------------------------+-------+-------++-------
Melee: Unarmed           |   158 |   130 ||   288
 Cast: Beastly Appendage |    14 |     2 ||    16
       Spider Form       |       |    12 ||    12
  Use: Potion            |     1 |     1 ||     2
 Stab: Sleeping          |     2 |       ||     2
       Distracted        |       |     1 ||     1
  Eat: Meat ration       |     1 |       ||     1
       Pizza             |     1 |       ||     1
       Fruit             |       |     2 ||     2
       Beef jerky        |       |     1 ||     1
       Bread ration      |       |     1 ||     1
